EVO
WICHITA STATE UNIVERSITY SHOCKERS @ CLEMSON UNIVERSITY TIGERS
11/05/2044
 
TOP OF THE 1ST
University of Illinois Fighting Illini batting - Pitching for Clemson University Tigers : RHP Carlton Howe
Pitching: RHP Carlton Howe
Batting: RHB Andy Kelly 0-0: Ball
1-0: Swinging Strike
1-1: Foul Ball, location: 2F
1-2: Foul Ball, location: 2F
1-2: Ball
2-2: Ball
3-2: Reached on error, E1 (Groundball, 34S, EV 70.6 MPH)
Batting: LHB Matt McKeon 0-0: Foul Ball, location: 2F
0-1: Ball
1-1: Foul Ball, location: 2F
1-2: Foul Ball, location: 2F
1-2: Foul Ball, location: 2F
1-2: Strikes out swinging
Batting: LHB Justin Stickney 0-0: Called Strike
0-1: Called Strike
0-2: Ball
1-2: Fly out, F9 (Flyball, 9D, EV 88.1 MPH)
Batting: LHB Costodio Varino 0-0: Ball
1-0: Ball
2-0: Foul Ball, location: 2F
2-1: Foul Ball, location: 2F
2-2: Strikes out swinging
Top of the 1st over - 0 runs, 0 hits, 1 error, 1 left on base; University of Illinois 0 - Clemson University 0
BOTTOM OF THE 1ST
Clemson University Tigers batting - Pitching for University of Illinois Fighting Illini : RHP Ryan Freed
Pitching: RHP Ryan Freed
Batting: LHB Bill Ford 0-0: Called Strike
0-1: Ground out 1-4-3 (Groundball, 15S, EV 104.4 MPH)
Batting: RHB Carlos Abrego 0-0: Swinging Strike
0-1: Ball
1-1: Called Strike
1-2: Ball
2-2: Strikes out swinging
Batting: LHB Ichiro Toyota 0-0: Swinging Strike
0-1: Ball
1-1: Ball
2-1: Ball
3-1: Base on Balls
Batting: RHB J.J. Basil 0-0: Ball
Ichiro Toyota steals 2nd base
1-0: Called Strike
1-1: Ball
2-1: Foul Ball, location: 2F
2-2: Foul Ball, location: 2F
2-2: 2-RUN HOME RUN (Flyball, 78XD, EV 100.0 MPH), Distance : 407 ft
Batting: RHB Kevin Trull 0-0: Ball
1-0: Ball
2-0: Fly out, F8 (Flyball, 8RD, EV 83.1 MPH)
Bottom of the 1st over - 2 runs, 1 hit, 0 errors, 0 left on base; University of Illinois 0 - Clemson University 2
TOP OF THE 2ND
University of Illinois Fighting Illini batting - Pitching for Clemson University Tigers : RHP Carlton Howe
Batting: RHB Alex Melendez 0-0: Called Strike
0-1: Ball
1-1: Foul Ball, location: 2F
1-2: Ball
2-2: DOUBLE (Groundball, 5L, EV 107.5 MPH)
Batting: RHB Josh Burns 0-0: Ball
1-0: Called Strike
1-1: Foul Ball, location: 2F
1-2: Strikes out looking
Batting: SHB Matt Urbani 0-0: Ball
1-0: Foul Ball, location: 2F
1-1: Swinging Strike
1-2: Ball
2-2: Strikes out swinging
Batting: RHB Bob Hayes 0-0: Ball
1-0: Foul Ball, location: 2F
1-1: Foul Ball, location: 2F
1-2: Ball
2-2: SINGLE (Line Drive, 7LM, EV 88.1 MPH)
Alex Melendez to third
Runner from 3rd tries for Home, throw by LF and OUT! 7-2
Top of the 2nd over - 0 runs, 2 hits, 0 errors, 1 left on base; University of Illinois 0 - Clemson University 2
BOTTOM OF THE 2ND
Clemson University Tigers batting - Pitching for University of Illinois Fighting Illini : RHP Ryan Freed
Batting: RHB John Corfield 0-0: Fly out, F5 (Flyball, 5D, EV 93.8 MPH)
Batting: RHB Artyom Shavkunov 0-0: Ball
1-0: Called Strike
1-1: DOUBLE (Line Drive, 7LS, EV 106.9 MPH)
Batting: SHB Manny Molina 0-0: Ball
1-0: Fly out, F9 (Flyball, 9LS, EV 90.0 MPH)
Batting: RHB Bryan Mattis 0-0: Foul Ball, location: 2F
0-1: Foul Ball, location: 2F
0-2: Fly out, F8 (Flyball, 8LXD, EV 96.9 MPH)
Bottom of the 2nd over - 0 runs, 1 hit, 0 errors, 1 left on base; University of Illinois 0 - Clemson University 2
TOP OF THE 3RD
University of Illinois Fighting Illini batting - Pitching for Clemson University Tigers : RHP Carlton Howe
Batting: RHB Hector Tabares 0-0: Ground out 6-3 (Groundball, 6M, EV 84.4 MPH)
Batting: RHB Andy Kelly 0-0: Ball
1-0: Fly out, F7 (Flyball, 7LS, EV 93.1 MPH)
Batting: LHB Matt McKeon 0-0: Ball
1-0: Ball
2-0: Called Strike
2-1: Ball
3-1: Ground out 6-3 (Groundball, 6, EV 85.0 MPH)
Top of the 3rd over - 0 runs, 0 hits, 0 errors, 0 left on base; University of Illinois 0 - Clemson University 2
BOTTOM OF THE 3RD
Clemson University Tigers batting - Pitching for University of Illinois Fighting Illini : RHP Ryan Freed
Batting: LHB Bill Ford 0-0: Ball
1-0: Swinging Strike
1-1: Called Strike
1-2: Foul Ball, location: 2F
1-2: Foul Ball, location: 2F
1-2: Fly out, F9 (Flyball, 9LM, EV 80.6 MPH)
Pitching: RHP Jim Whiteman
Batting: RHB Carlos Abrego 0-0: Foul Ball, location: 2F
0-1: Swinging Strike
0-2: Ground out 5-3 (Groundball, 5, EV 85.0 MPH)
Batting: LHB Ichiro Toyota 0-0: Ball
1-0: Ball
2-0: SINGLE (Line Drive, 9S, EV 95.6 MPH)
Batting: RHB J.J. Basil 0-0: Foul Ball, location: 2F
0-1: Ball
1-1: Ball
2-1: Ball
3-1: Base on Balls
Ichiro Toyota to second
Batting: RHB Kevin Trull 0-0: Called Strike
0-1: Foul Ball, location: 2F
0-2: Ball
1-2: Foul Ball, location: 2F
1-2: Ball
2-2: Fly out, F9 (Line Drive, 9D, EV 91.9 MPH)
Bottom of the 3rd over - 0 runs, 1 hit, 0 errors, 2 left on base; University of Illinois 0 - Clemson University 2
TOP OF THE 4TH
University of Illinois Fighting Illini batting - Pitching for Clemson University Tigers : RHP Carlton Howe
Batting: LHB Justin Stickney 0-0: Ball
1-0: Foul Ball, location: 2F
1-1: SINGLE (Groundball, 56D, EV 96.9 MPH)
Batting: LHB Costodio Varino 0-0: Foul Ball, location: 2F
0-1: Ball
1-1: Swinging Strike
1-2: Strikes out swinging
Batting: RHB Alex Melendez 0-0: Ball
1-0: Ball
2-0: Foul Ball, location: 2F
2-1: Fly out, F7 (Flyball, 7LD, EV 95.6 MPH)
Batting: RHB Josh Burns 0-0: Swinging Strike
0-1: DOUBLE (Line Drive, 7LM, EV 105.6 MPH)
Justin Stickney to third
Runner from 3rd tries for Home, SAFE, no throw by LF
Batting: SHB Matt Urbani 0-0: Ball
1-0: Called Strike
1-1: Called Strike
1-2: Ball
2-2: Foul Ball, location: 2F
2-2: Strikes out swinging
Top of the 4th over - 1 run, 2 hits, 0 errors, 1 left on base; University of Illinois 1 - Clemson University 2
BOTTOM OF THE 4TH
Clemson University Tigers batting - Pitching for University of Illinois Fighting Illini : RHP Jim Whiteman
Batting: RHB John Corfield 0-0: Ball
1-0: Ball
2-0: Ball
3-0: Base on Balls
Pitching: RHP Mike Oliver
Batting: RHB Artyom Shavkunov 0-0: Grounds into double play, 6-4-3 (Groundball, 6, EV 110.6 MPH)
Batting: SHB Manny Molina 0-0: Ball
1-0: Ball
2-0: Ball
3-0: Base on Balls
Batting: RHB Bryan Mattis 0-0: Swinging Strike
0-1: Ball
1-1: Swinging Strike
1-2: Strikes out swinging
Bottom of the 4th over - 0 runs, 0 hits, 0 errors, 1 left on base; University of Illinois 1 - Clemson University 2
TOP OF THE 5TH
University of Illinois Fighting Illini batting - Pitching for Clemson University Tigers : RHP Carlton Howe
Batting: RHB Bob Hayes 0-0: Ball
1-0: Foul Ball, location: 2F
1-1: Foul Ball, location: 2F
1-2: Ground out 6-3 (Groundball, 6, EV 90.0 MPH)
Batting: RHB Hector Tabares 0-0: Ball
1-0: Fly out, F7 (Flyball, 7D, EV 84.4 MPH)
Batting: RHB Andy Kelly 0-0: Swinging Strike
0-1: Ball
1-1: Foul Ball, location: 2F
1-2: Foul Ball, location: 2F
1-2: Ball
2-2: Foul Ball, location: 2F
2-2: Foul Ball, location: 2F
2-2: Foul Ball, location: 2F
2-2: Fly out, F7 (Flyball, 7S, EV 75.6 MPH)
Top of the 5th over - 0 runs, 0 hits, 0 errors, 0 left on base; University of Illinois 1 - Clemson University 2
BOTTOM OF THE 5TH
Clemson University Tigers batting - Pitching for University of Illinois Fighting Illini : RHP Mike Oliver
Batting: LHB Bill Ford 0-0: Ball
1-0: Ball
2-0: Called Strike
2-1: Ball
3-1: Called Strike
3-2: Fly out, F7 (Flyball, 7LM, EV 76.9 MPH)
Batting: RHB Carlos Abrego 0-0: Ball
1-0: SOLO HOME RUN (Flyball, 9D, EV 100.6 MPH), Distance : 384 ft
Batting: LHB Ichiro Toyota 0-0: SINGLE (Groundball, 5D, EV 106.3 MPH)
Pitching: RHP Brandon Russell
Batting: RHB J.J. Basil 0-0: Swinging Strike
0-1: Ball
1-1: SINGLE (Line Drive, 56, EV 99.4 MPH)
Ichiro Toyota to second
Batting: RHB Kevin Trull 0-0: Ball
1-0: Ball
2-0: Fly out, F9 (Flyball, 9LS, EV 89.4 MPH)
Batting: RHB John Corfield 0-0: Ball
1-0: Fielders Choice at 2nd, 6-4 (Groundball, 6, EV 83.1 MPH)
Bottom of the 5th over - 1 run, 3 hits, 0 errors, 2 left on base; University of Illinois 1 - Clemson University 3
TOP OF THE 6TH
University of Illinois Fighting Illini batting - Pitching for Clemson University Tigers : RHP Carlton Howe
Batting: LHB Matt McKeon 0-0: Foul Ball, location: 2F
0-1: Foul Ball, location: 2F
0-2: Strikes out swinging
Batting: LHB Justin Stickney 0-0: Called Strike
0-1: Fly out, F8 (Flyball, 89M, EV 86.9 MPH)
Batting: LHB Costodio Varino 0-0: Called Strike
0-1: Swinging Strike
0-2: Foul Ball, location: 2F
0-2: Ball
1-2: Ball
2-2: Ball
3-2: Ground out 6-3 (Groundball, 6, EV 81.3 MPH)
Top of the 6th over - 0 runs, 0 hits, 0 errors, 0 left on base; University of Illinois 1 - Clemson University 3
BOTTOM OF THE 6TH
Clemson University Tigers batting - Pitching for University of Illinois Fighting Illini : RHP Brandon Russell
Batting: RHB Artyom Shavkunov 0-0: Fly out, F8 (Flyball, 8RS, EV 81.3 MPH)
Batting: SHB Manny Molina 0-0: Ball
1-0: Called Strike
1-1: Foul Ball, location: 2F
1-2: Ball
2-2: Fly out, F7 (Line Drive, 7D, EV 93.1 MPH)
Batting: RHB Bryan Mattis 0-0: Ball
1-0: SINGLE (Groundball, 6M, EV 98.8 MPH) (infield hit)
Batting: LHB Bill Ford 0-0: Called Strike
0-1: Ball
1-1: SINGLE (Line Drive, 6MD, EV 97.5 MPH)
Bryan Mattis to second
Pitching: RHP Donnie Rockwell
Batting: RHB Carlos Abrego 0-0: Called Strike
0-1: Ball
1-1: Ball
2-1: Ball
3-1: Base on Balls
Bryan Mattis to third
Bill Ford to second
Batting: LHB Ichiro Toyota 0-0: Called Strike
0-1: Ball
1-1: Ball
2-1: Called Strike
2-2: Ball
3-2: Base on Balls
Bryan Mattis scores
Bill Ford to third
Carlos Abrego to second
Batting: RHB J.J. Basil 0-0: Ball
1-0: Ball
2-0: Ball
3-0: Base on Balls
Bill Ford scores
Carlos Abrego to third
Ichiro Toyota to second
Batting: RHB Kevin Trull 0-0: Fly out, F9 (Flyball, 9D, EV 88.1 MPH)
Bottom of the 6th over - 2 runs, 2 hits, 0 errors, 3 left on base; University of Illinois 1 - Clemson University 5
TOP OF THE 7TH
University of Illinois Fighting Illini batting - Pitching for Clemson University Tigers : RHP Carlton Howe
Batting: RHB Alex Melendez 0-0: Ground out 6-3 (Groundball, 6M, EV 106.9 MPH)
Batting: RHB Josh Burns 0-0: Foul Ball, location: 2F
0-1: Ball
1-1: Foul Ball, location: 2F
1-2: Fly out, F6 (Popup, P, EV 75.6 MPH)
Batting: SHB Matt Urbani 0-0: Ball
1-0: Foul Ball, location: 2F
1-1: Ball
2-1: Foul Ball, location: 2F
2-2: Foul Ball, location: 2F
2-2: Ball
3-2: SINGLE (Line Drive, 56D, EV 96.9 MPH)
Batting: RHB Bob Hayes 0-0: Called Strike
0-1: Foul Ball, location: 2F
0-2: Ball
1-2: Ball
2-2: Ball
3-2: Fly out, F7 (Flyball, 7S, EV 88.8 MPH)
Top of the 7th over - 0 runs, 1 hit, 0 errors, 1 left on base; University of Illinois 1 - Clemson University 5
BOTTOM OF THE 7TH
Clemson University Tigers batting - Pitching for University of Illinois Fighting Illini : RHP Donnie Rockwell
Pitching: LHP Jimmy Heinecke
Batting: RHB John Corfield 0-0: Ball
1-0: Called Strike
1-1: Fly out, F8 (Flyball, 8RM, EV 86.9 MPH)
Batting: RHB Artyom Shavkunov 0-0: Ball
1-0: Swinging Strike
1-1: Ball
2-1: Ball
3-1: SINGLE (Groundball, 34D, EV 106.3 MPH)
Batting: SHB Manny Molina 0-0: Ball
1-0: Foul Ball, location: 2F
1-1: Ball
2-1: Foul Ball, location: 2F
2-2: Strikes out swinging
Batting: RHB Bryan Mattis 0-0: Called Strike
0-1: Ball
1-1: Ball
2-1: Ball
3-1: Base on Balls
Artyom Shavkunov to second
Pitching: RHP Pat Powell
Batting: LHB Bill Ford 0-0: 3-RUN HOME RUN (Flyball, 9LD, EV 93.8 MPH), Distance : 336 ft
Batting: RHB Carlos Abrego 0-0: Ball
1-0: Swinging Strike
1-1: Swinging Strike
1-2: Strikes out swinging, 2-3 out at first.
Bottom of the 7th over - 3 runs, 2 hits, 0 errors, 0 left on base; University of Illinois 1 - Clemson University 8
TOP OF THE 8TH
University of Illinois Fighting Illini batting - Pitching for Clemson University Tigers : RHP Carlton Howe
Pitching: LHP Malcolm dejong
Batting: RHB Hector Tabares 0-0: Ground out 1-3 (Groundball, P, EV 76.3 MPH)
Batting: RHB Andy Kelly 0-0: Ball
1-0: Called Strike
1-1: Called Strike
1-2: DOUBLE (Flyball, 78D, EV 104.4 MPH)
Batting: LHB Matt McKeon 0-0: Ball
1-0: Ball
2-0: Called Strike
2-1: Foul Ball, location: 2F
2-2: Ball
3-2: Foul Ball, location: 2F
3-2: Ground out 6-3 (Groundball, 6, EV 105.6 MPH)
Batting: LHB Justin Stickney 0-0: Called Strike
0-1: Ball
1-1: Ground out 6-3 (Groundball, 6, EV 95.0 MPH)
Top of the 8th over - 0 runs, 1 hit, 0 errors, 1 left on base; University of Illinois 1 - Clemson University 8
BOTTOM OF THE 8TH
Clemson University Tigers batting - Pitching for University of Illinois Fighting Illini : RHP Pat Powell
Batting: LHB Ichiro Toyota 0-0: Ball
1-0: Called Strike
1-1: Foul Ball, location: 2F
1-2: SINGLE (Groundball, 4MD, EV 96.9 MPH)
Batting: RHB J.J. Basil 0-0: Called Strike
0-1: Called Strike
0-2: Ball
1-2: Foul Ball, location: 2F
1-2: DOUBLE (Groundball, 5L, EV 100.0 MPH)
Ichiro Toyota to third
Batting: RHB Kevin Trull 0-0: Foul Ball, location: 2F
0-1: Swinging Strike
0-2: SINGLE (Groundball, 6MD, EV 109.4 MPH)
Ichiro Toyota scores
J.J. Basil to third
Runner from 3rd tries for Home, SAFE, throw by CF to home
Batting: RHB John Corfield 0-0: DOUBLE (Line Drive, 9LM, EV 99.4 MPH)
Kevin Trull to third
Batting: RHB Artyom Shavkunov 0-0: Fly out, F9 (Line Drive, 9, EV 107.5 MPH)
Batting: SHB Manny Molina 0-0: Foul Ball, location: 2F
0-1: Ball
1-1: Ball
2-1: Ground out 6-3 (Groundball, 6, EV 91.9 MPH)
Kevin Trull scores
Pitching: RHP Jason Burke
Batting: RHB Bryan Mattis 0-0: Swinging Strike
0-1: Ground out 5-3 (Groundball, 56S, EV 81.9 MPH)
Bottom of the 8th over - 3 runs, 4 hits, 0 errors, 1 left on base; University of Illinois 1 - Clemson University 11
TOP OF THE 9TH
University of Illinois Fighting Illini batting - Pitching for Clemson University Tigers : LHP Malcolm dejong
Batting: LHB Costodio Varino 0-0: Ball
1-0: Foul Ball, location: 2F
1-1: Foul Ball, location: 2F
1-2: Ball
2-2: Foul Ball, location: 2F
2-2: Ball
3-2: Ground out 6-3 (Groundball, 6, EV 110.6 MPH)
Batting: RHB Alex Melendez 0-0: Ball
1-0: Called Strike
1-1: Ball
2-1: Foul Ball, location: 2F
2-2: SINGLE (Groundball, 6D, EV 106.3 MPH)
Batting: RHB Josh Burns 0-0: Called Strike
0-1: Foul Ball, location: 2F
0-2: Ball
1-2: Foul Ball, location: 2F
1-2: Ball
2-2: Ball
3-2: Fly out, F4 (Popup, 4M, EV 56.9 MPH)
Batting: SHB Matt Urbani 0-0: Swinging Strike
0-1: Ball
1-1: Ball
2-1: Called Strike
2-2: Foul Ball, location: 2F
2-2: Strikes out swinging
Top of the 9th over - 0 runs, 1 hit, 0 errors, 1 left on base; University of Illinois 1 - Clemson University 11
Thursday, March 31st , 2022 - OOTP Baseball 22.12 Build 89